 Dungeon Sprint DCSS version 0.28-a0-206-gc2c9e32840 (webtiles) character file.

Game seed: 9356883005643956516

100 MikeHunt the Magician (level 5, -6/44 HPs)
             Began as a Djinni Necromancer on Aug 20, 2021.
             Was an Initiate of Makhleb.
             Mangled by a two-headed ogre (10 damage)
             ... in the Dungeon (Sprint IX: "|||||||||||||||||||||||||||||").
             The game lasted 00:02:33 (556 turns).

MikeHunt the Magician (Djinni Necromancer)           Turns: 556, Time: 00:02:34

Health: -6/44      AC:  3    Str:  8    XL:     5   Next: 3%
Gold:   0          EV: 13    Int: 20    God:    Makhleb [......] SH:  0 Dex: 16

rFire   + + .      SeeInvis .   j - +2 rapier (venom)
rCold   x . .      Faith    .   (no shield)
rNeg    . . .      Spirit   .   a - +0 robe
rPois   ∞          Reflect  .   (no helmet)
rElec   .          Harm     .   k - +0 cloak
rCorr   .          Rampage  .   (no gloves)
Will    .....      NoTele   +   (boots unavailable)
Stlth   ++........              (no amulet)
HPRegen 0.14/turn               m - +3 ring of intelligence
MPRegen 0.00/turn               n - +3 ring of dexterity

@: flying
A: sickness immunity, fire resistance 2, cold vulnerability 1, float, innate
caster, hp casting, extra vitality 1
a: Renounce Religion


You were in the Dungeon.
You worshipped Makhleb.
Makhleb was noncommittal.
You visited 1 branch

Inventory:

Hand Weapons
 b - a +0 dagger
 i - a +2 scimitar of holy wrath
 j - a +2 rapier of venom (weapon)
Armour
 a - a +0 robe (worn)
 k - a +0 cloak (worn)
 l - a +2 ring mail
Jewellery
 m - a +3 ring of intelligence (left hand)
 n - a +3 ring of dexterity (right hand)
Wands
 h - a wand of iceblast (8)
Scrolls
 f - 2 scrolls of blinking
Potions
 c - a potion of invisibility
 d - a potion of haste
 e - 2 potions of heal wounds
 g - 4 potions of curing


   Skills:
 + Level 5.6 Fighting
 + Level 3.0 Dodging
 - Level 2.4 Stealth
 + Level 5.7 Spellcasting
 + Level 0.0 Evocations


You couldn't memorise any spells.
You knew the following spells:

 Your Spells              Type           Power      Damage    Failure   Level
a - Agony                 Necr           28%        N/A       28%         5
b - Animate Skeleton      Necr           56%        N/A       1%          1
c - Vampiric Draining     Necr           14%        2d8       3%          3
d - Animate Dead          Necr           14%        N/A       10%         4
e - Pain                  Necr           100%       1d9       1%          1
f - Sandblast             Erth           56%        2d13      1%          1
r - Call Imp              Summ           28%        N/A       1%          2
Your spell library was empty.

Dungeon Overview and Level Annotations

Branches:
Dungeon (1/1)

Altars:
Cheibriados
Dithmenos
Elyvilon
Fedhas
Gozag
Hepliaklqana
Kikubaaqudgha
Makhleb
Nemelex Xobeh
Okawaru
Qazlal
Ru
Sif Muna
Trog
Uskayaw
Vehumet
Wu Jian
Xom
Yredelemnul
Zin
The Shining One
Beogh
Jiyva
Lugonu


Innate Abilities, Weirdness & Mutations

You are immune to sickness and miasma.
You are immune to poison.
Your flesh is very heat resistant. (rF++)
You are vulnerable to cold. (rC-)
You float through the air rather than walking.
You learn spells naturally, not from books.
Your magical power is your life essence.
You have superior vitality. (+4 HP)


Message History

Your shadow imp dies!
Casting: Call Imp (safe; 1% risk of failure)
Confirm with . or Enter, or press ? or * to list all spells.
Aiming: Pain (safe; 1% risk of failure)
Press: ? - help, Shift-Dir - straight line, f/p - two-headed ogre
Aim: a two-headed ogre, wielding a +0 giant club and a +0 giant spiked club (chance to affect: 71%)
The two-headed ogre struggles to resist.
Casting: Pain (safe; 1% risk of failure)
Confirm with . or Enter, or press ? or * to list all spells.
Aiming: Pain (safe; 1% risk of failure)
Press: ? - help, Shift-Dir - straight line, f/p - two-headed ogre
Aim: a two-headed ogre, wielding a +0 giant club and a +0 giant spiked club (chance to affect: 71%)
The two-headed ogre writhes in agony.
Aiming: Iceblast
Press: ? - help, Shift-Dir - straight line, f/p - two-headed ogre
Aim: a two-headed ogre, wielding a +0 giant club and a +0 giant spiked club (lightly wounded)
The mass of ice explodes!
The iceblast engulfs the two-headed ogre!
The two-headed ogre is heavily wounded.
The iceblast engulfs the gargoyle!
The gargoyle is heavily damaged.
Aiming: Iceblast
Press: ? - help, Shift-Dir - straight line, f/p - two-headed ogre
Aim: a two-headed ogre, wielding a +0 giant club and a +0 giant spiked club (heavily wounded)
The mass of ice explodes!
The iceblast engulfs the two-headed ogre!
The two-headed ogre is severely wounded.
The iceblast engulfs the gargoyle but does no damage.
The gargoyle is heavily damaged.
Unknown command.
Unknown command.
Unknown command.
Casting: Pain (safe; 1% risk of failure)
Confirm with . or Enter, or press ? or * to list all spells.
A beastly little devil appears in a puff of flame.
The two-headed ogre hits you with a +0 giant club!!
Ouch! That really hurt!
* * * LOW HITPOINT WARNING * * *
The two-headed ogre hits you with a +0 giant spiked club!
You die...

▓_▓
▓_▓
▓_▓
▓_▓
▓'▓
▓!▓
▓5▓
▓)▓
▓@▓
▓O▓
▓9▓
▓K▓
▓O▓
▓.▓
▓c▓
▓.▓
▓.▓


You could see 2 two-headed ogres, a gargoyle, a kobold brigand, a centaur and a
friendly crimson imp (summoned).

Vanquished Creatures
  A scorpion (D)
  A hound (D)
  An adder skeleton (D)
  An orc (D)
  An endoplasm (D)
  A hobgoblin (D)
  A kobold (D)
  A goblin (D)
  A quokka zombie (D)
  A rat (D)
10 creatures vanquished.

Notes
Turn   | Place    | Note
-------+----------+-------------------------------------------
     0 | D        | MikeHunt the Djinni Necromancer began the quest for the
                  | Orb.
     0 | D        | Reached XP level 1. HP: 15/15 MP: 0/0
   190 | D        | Noticed a hound
   190 | D        | Noticed a scorpion
   206 | D        | Reached XP level 2. HP: 13/22 MP: 0/0
   211 | D        | Reached XP level 3. HP: 20/30 MP: 0/0
   211 | D        | Learned a level 1 spell: Sandblast
   218 | D        | Killed a scorpion
   219 | D        | Reached skill level 5 in Fighting
   219 | D        | Reached skill level 5 in Spellcasting
   219 | D        | Reached XP level 4. HP: 12/39 MP: 0/0
   219 | D        | Reached XP level 5. HP: 14/43 MP: 0/0
   219 | D        | Learned a level 2 spell: Call Imp
   483 | D        | Found a snail-covered altar of Cheibriados.
   483 | D        | Found a shadowy altar of Dithmenos.
   483 | D        | Found a white marble altar of Elyvilon.
   483 | D        | Found a blossoming altar of Fedhas.
   483 | D        | Found an opulent altar of Gozag.
   484 | D        | Found a hazy altar of Hepliaklqana.
   485 | D        | Found a viscous altar of Jiyva.
   487 | D        | Found a corrupted altar of Lugonu.
   488 | D        | Found a burning altar of Makhleb.
   489 | D        | Found a sparkling altar of Nemelex Xobeh.
   490 | D        | Found an iron altar of Okawaru.
   491 | D        | Found a stormy altar of Qazlal.
   492 | D        | Found a sacrificial altar of Ru.
   494 | D        | Found a bloodstained altar of Trog.
   495 | D        | Found a hide-covered altar of Uskayaw.
   496 | D        | Became a worshipper of Makhleb the Destroyer
   498 | D        | Found an ornate altar of the Wu Jian Council.
   499 | D        | Found a shimmering altar of Xom.
   500 | D        | Found a basalt altar of Yredelemnul.
   501 | D        | Found a glowing silver altar of Zin.
   502 | D        | Found a glowing golden altar of the Shining One.
   543 | D        | Noticed a two-headed ogre
   543 | D        | Noticed a gargoyle
   543 | D        | Noticed a kobold brigand
   543 | D        | Noticed a centaur
   543 | D        | Noticed a two-headed ogre
   543 | D        | Noticed a troll
   556 | D        | Mangled by a two-headed ogre

Illustrated notes

Levels and vault maps discovered:
D:        linesprint [early_d, line_temple, items_1, d_10, items_2, lair_1,
          lair_end, items_3, orc_1, orc_end, items_4, d_15, swamp_1, shoals_1,
          snake_1, spider_1, d_20, vaults_1, items_5, swamp_end, shoals_end,
          snake_end, spider_end, vaults_end, d_27, items_6, zot_1, zot_end,
          crypt_end, forest_end, elf_end, slime_end, tomb_end, abyss_end,
          pan_hell_end]

Skill      XL: |  1  2  3 |
---------------+----------+-----
Stealth        | 2 |  2.4
Dodging        | 3 |  3.0
Fighting       | 3 5 |  5.6
Spellcasting   | 4 5 |  5.7

Action                   |  1- 3 |  4- 6 || total
-------------------------+-------+-------++-------
Melee: Dagger            |    10 |     6 ||    16
 Cast: Pain              |    15 |     2 ||    17
       Animate Skeleton  |     3 |     2 ||     5
       Call Imp          |       |     5 ||     5
Evoke: Wand              |       |     2 ||     2
  Use: Potion            |     3 |       ||     3
Armor: Robe              |     2 |       ||     2
Dodge: Dodged            |     5 |     1 ||     6

Table legend: (Time is in decaauts)
 A = Elapsed time spent in this place.
 B = Non-inter-level travel time spent in this place.
 C = Inter-level travel time spent in this place.
 D = Time resting spent in this place.
 E = Time spent auto-exploring this place.
 F = Levels seen in this place.
 G = Mean time per level.
                   A        B        C        D        E       F      G
               +--------+--------+--------+--------+--------+-----+--------+
         Total |    557 |    557 |      0 |    411 |      0 |   1 |  557.0 |
       Dungeon |    557 |    557 |      0 |    411 |      0 |   1 |  557.0 |
               +--------+--------+--------+--------+--------+-----+--------+

Top non-repeatable levels by time:
       D: 557 daAuts
